 Dungeon Crawl Stone Soup version 0.30-a0-1160-g6e42c06551 (webtiles) character file.

Game seed: 6685503535372444185

142 greenreed the Trooper (level 5, -4/47 HPs)
             Began as a Minotaur Fighter on Apr 26, 2023.
             Was an Initiate of Nemelex Xobeh.
             Killed by nerve-wracking pain
             ... invoked by a shadow imp
              (13 damage)
             ... on level 3 of the Dungeon.
             The game lasted 00:03:18 (1300 turns).

greenreed the Trooper (Minotaur Fighter)            Turns: 1300, Time: 00:03:20

Health: -4/47      AC:  8    Str: 23    XL:     5   Next: 4%
Magic:  4/4        EV:  9    Int:  5    God:    Nemelex Xobeh [......]
Gold:   113        SH:  4    Dex:  9    Spells: 4/4 levels left

rFire   . . .        a - +0 war axe
rCold   . . .        c - +0 buckler
rNeg    . . .        b - +0 scale mail
rPois   .            (helmet restricted)
rElec   .            n - +0 cloak
rCorr   .            (no gloves)
SInv    .            (no boots)
Will    .....        (no amulet) Stlth
                     (no ring)
HPRegen 0.27/turn    (no ring)
MPRegen 0.09/turn

%: no passive effects
@: hasted, studying Transmutations, very quick
A: horns 2, retaliatory headbutt
a: Renounce Religion, Draw Escape, Draw Destruction, Draw Summoning


You were on level 3 of the Dungeon.
You worshipped Nemelex Xobeh.
Nemelex Xobeh was noncommittal.
You visited 1 branch of the dungeon, and saw 3 of its levels.

You collected 113 gold pieces.

Inventory:

Hand Weapons
 a - a +0 war axe (weapon)
Armour
 b - a +0 scale mail (worn)
 c - a +0 buckler (worn)
 e - a +0 kite shield
 n - a +0 cloak (worn)
Wands
 s - a wand of polymorph (8)
Scrolls
 g - 2 scrolls of teleportation {unknown}
 h - a scroll of noise {unknown}
 i - 3 scrolls of silence {unknown}
 j - 3 scrolls of identify {unknown}
 m - 3 scrolls of vulnerability {unknown}
 p - a scroll of blinking {unknown}
 q - a scroll of amnesia {unknown}
 r - a scroll of enchant armour {unknown}
Potions
 d - a potion of might
 f - a potion of mutation {unknown}
 k - a potion of degeneration {unknown}
 l - 2 potions of haste
 o - 2 potions of heal wounds {unknown}


   Skills:
 * Level 4.9 Fighting
 * Level 4.1 Axes
 + Level 4.3 Armour
 + Level 4.2 Shields
 + Level 1.0 Invocations


You had 4 spell levels left.
You didn't know any spells.
Your spell library contained the following spells:

 Spells                   Type           Power      Damage    Failure   Level
 Sandblast                Erth           0%         2d4       85%         1
 Passwall                 Tmut/Erth      0%         N/A       94%         2
 Frozen Ramparts          Ice            0%         1d1       99%         3
 Stone Arrow              Conj/Erth      0%         3d7       99%         3
 Ice Form                 Ice/Tmut       0%         N/A       100%        4
 Summon Ice Beast         Ice/Summ       0%         N/A       100%        4


Dungeon Overview and Level Annotations

Branches:
Dungeon (3/15)

Altars:
Nemelex Xobeh
Trog

Shops:
D:3 *

Annotations:
D:3 1 transporter


Innate Abilities, Weirdness & Mutations

You have a pair of horns on your head.
You reflexively headbutt those who attack you in melee.


Message History

Something shouts, "Quit, thou twisted idle-headed coxcomb!"
Found a stone staircase leading down.
Found Kecuecli's Assorted Antiques.
You now have 113 gold pieces (gained 12).
There is an entrance to Kecuecli's Assorted Antiques here.
You can access your shopping list by pressing '$'.
Found 5 stones.
The orc priest shouts!
Found 2 stones.
Found a transporter.
The shadow imp shouts, "Slither away, thou bawdy beef-witted scut!"
Found 18 gold pieces.
r - a scroll labelled ATROMO GAI The shadow imp shouts, "Return whence thou came, thou loggerheaded swag-bellied bootlicker!"
The orc priest shouts!
There is a transporter here.
Press: ? - help, v - describe, . - travel, g - get item Item here: 17 gold pieces.
The floor.
The shadow imp shouts, "Accept thy failure, thou obnoxious swag-bellied haggard!"
There is a transporter here.
You enter the transporter and appear at another place.
The shadow imp shouts, "Scamper hence, thou warped two-tin-hat ruminant!"
s - a wand of polymorph (8)
You open the door.
The orc priest invokes the aid of Beogh against you.
Beogh smites you!
There is an open door here.
The orc priest invokes the aid of Beogh against you.
Beogh smites you!
The orc priest mumbles some strange prayers to Beogh against you.
Beogh smites you!
* * * LOW HITPOINT WARNING * * *
It was a potion of haste.
You feel yourself speed up.
The orc priest mumbles some strange prayers to Beogh against you.
Pain shoots through your body!
* * * LOW HITPOINT WARNING * * *
The shadow imp gestures at you. Pain shoots through your body!
You die...
Your body disappears without a glow.

##.##.##...#8P$©$P8#.# #..##
...##.##...#~..(..~#.# #....
...##.#....####+####.# #.###
##(##.##...#.≈...≈.#.# #.###
##.##.###..#.≈...≈.#.# #....
...##......#.≈~P~≈.#.# ##.##
#########..#.≈P⌠~≈.#.# #.#
##..#.≈~~~≈.#.# #.#
##...#o≈..@≈5#.# #.# #
##....#5≈...≈o#.# #.## ##
##.....####'####.# #.##
.####......#P.....P#.#########.#.
....+......#8P.©.P8#............)
.####......#########.#########.#.
## ##.........©.....## #.## #
##.....##........# #.##
##...####.....#.# #.#


You could see 2 orc priests and 2 shadow imps.

Vanquished Creatures
  A phantom (D:3)
  An adder (D:2)
  A worm (D:2)
  A dart slug (D:3)
  3 bats
  6 endoplasms
  3 giant cockroaches
  7 goblins
  4 hobgoblins
  7 jackals
  A quokka (D:1)
  4 ball pythons
  2 frilled lizards (D:2)
  3 kobolds
  3 rats
47 creatures vanquished.

Notes
Turn   | Place    | Note
-------+----------+-------------------------------------------
     0 | D:1      | greenreed the Minotaur Fighter began the quest for the Orb.
     0 | D:1      | Reached XP level 1. HP: 19/19 MP: 0/0
    92 | D:1      | Reached XP level 2. HP: 27/27 MP: 1/1
   526 | D:2      | Reached XP level 3. HP: 33/33 MP: 2/2
   573 | D:2      | Found a bloodstained altar of Trog.
   701 | D:2      | You fall into a shaft and drop 1 floor!
   868 | D:3      | Found a sparkling altar of Nemelex Xobeh.
   872 | D:3      | Became a worshipper of Nemelex Xobeh the Trickster
   880 | D:3      | Noticed a phantom
   888 | D:3      | Killed a phantom
   889 | D:3      | Reached XP level 4. HP: 41/41 MP: 3/3
   958 | D:3      | Reached skill level 1 in Invocations
   965 | D:2      | Reached XP level 5. HP: 47/47 MP: 4/4
  1143 | D:3      | Found a transporter.
  1204 | D:3      | Found Kecuecli's Assorted Antiques.
  1244 | D:3      | Found a transporter.
  1300 | D:3      | Killed from afar by a shadow imp

Illustrated notes

Levels and vault maps discovered:
D:1:      erik_arrival_orb_chamber, layout_rooms
D:2:      layout_rooms, serial_glass, glass_columns_a, glass_columns_a,
          basic_altar
D:3:      gammafunk_wand_slinger, layout_loops_corners, grunt_gozag_statues,
          nemelex_diamond_rough_becter, serial_shops, shop,
          kennysheep_cluttered_room

Skill      XL: |  1  2  3  4 |
---------------+-------------+-----
Fighting       | 4 |  4.9
Axes           | 3 4 |  4.1
Armour         | 4 |  4.3
Shields        | 4 |  4.2
Invocations    | 1 |  1.0

Action                     |  1- 3 |  4- 6 || total
---------------------------+-------+-------++-------
  Melee: War axe           |    63 |    11 ||    74
         Headbutt          |    11 |     2 ||    13
    Use: Potion            |       |     1 ||     1
 Armour: Scale mail        |    39 |     5 ||    44
  Dodge: Dodged            |    25 |     2 ||    27
  Block: Buckler           |    12 |     4 ||    16

Table legend: (Time is in decaauts)
 A = Elapsed time spent in this place.
 B = Non-inter-level travel time spent in this place.
 C = Inter-level travel time spent in this place.
 D = Time resting spent in this place.
 E = Time spent auto-exploring this place.
 F = Levels seen in this place.
 G = Mean time per level.
                   A        B        C        D        E       F      G
               +--------+--------+--------+--------+--------+-----+--------+
         Total |   1326 |   1284 |     42 |      0 |    969 |   3 |  442.0 |
       Dungeon |   1326 |   1284 |     42 |      0 |    969 |   3 |  442.0 |
               +--------+--------+--------+--------+--------+-----+--------+

Top non-repeatable levels by time:
     D:3: 468 daAuts
     D:1: 430 daAuts
     D:2: 427 daAuts
